TOP OF THE 1ST |
Delmarva Shorebirds batting - Pitching for Hickory Crawdads : RHP Matt Stutzman
|
Pitching: RHP Matt Stutzman
|
|
Batting: RHB Michel Kamphuis
|
0-0: Foul Ball, location: 2F 0-1: Called Strike 0-2: Ball 1-2: SOLO HOME RUN (Flyball, 7D, EV 101.2 MPH), Distance : 387 ft
|
Batting: SHB Ryan Palermo
|
0-0: Ground out 1-3 (Groundball, 34S, EV 74.4 MPH)
|
Batting: LHB Raul Rojas
|
0-0: Ball 1-0: Fly out, F8 (Line Drive, 8LD, EV 104.4 MPH)
|
Batting: SHB Justin Toth
|
0-0: Foul Ball, location: 2F 0-1: Foul Ball, location: 2F 0-2: Foul Ball, location: 2F 0-2: Ball 1-2: Ground out U3 (Groundball, 3, EV 86.9 MPH)
|
Top of the 1st over - 1 run, 1 hit, 0 errors, 0 left on base; Delmarva 1 - Hickory 0 |
BOTTOM OF THE 1ST |
Hickory Crawdads batting - Pitching for Delmarva Shorebirds : RHP Jose Rico
|
Pitching: RHP Jose Rico
|
|
Batting: RHB Jason Sher
|
0-0: Ball 1-0: Ball 2-0: Called Strike 2-1: Ball 3-1: Foul Ball, location: 2F 3-2: Fly out, F9 (Line Drive, 9S, EV 111.2 MPH)
|
Batting: RHB Luke Stark
|
0-0: Ball 1-0: Called Strike 1-1: Ball 2-1: Ball 3-1: Base on Balls
|
Batting: LHB Ben Radach
|
0-0: Ball 1-0: Called Strike 1-1: Grounds into double play, 5-4-3 (Groundball, 56S, EV 83.1 MPH)
|
Bottom of the 1st over - 0 runs, 0 hits, 0 errors, 0 left on base; Delmarva 1 - Hickory 0 |
TOP OF THE 2ND |
Delmarva Shorebirds batting - Pitching for Hickory Crawdads : RHP Matt Stutzman
|
Batting: LHB Andrew Erens
|
0-0: TRIPLE (Flyball, 78XD, EV 107.5 MPH)
|
Batting: RHB Alex Jacobo
|
0-0: Ground out 4-3 (Groundball, 4, EV 101.9 MPH) Andrew Erens scores
|
Batting: LHB Momoru Yasui
|
0-0: Called Strike 0-1: Swinging Strike 0-2: Ball 1-2: Ball 2-2: Strikes out swinging
|
Batting: RHB Kiyuu del Castillo
|
0-0: Ball 1-0: Ball 2-0: Ball 3-0: Called Strike 3-1: Base on Balls
|
Batting: RHB Adam Swimmer
|
0-0: Ball 1-0: Ball 2-0: Ball 3-0: Called Strike 3-1: Base on Balls Kiyuu del Castillo to second
|
Batting: RHB Michel Kamphuis
|
0-0: Ball 1-0: Foul Ball, location: 2F 1-1: Called Strike 1-2: Ball 2-2: Ball 3-2: Strikes out swinging
|
Top of the 2nd over - 1 run, 1 hit, 0 errors, 2 left on base; Delmarva 2 - Hickory 0 |
BOTTOM OF THE 2ND |
Hickory Crawdads batting - Pitching for Delmarva Shorebirds : RHP Jose Rico
|
Batting: RHB George King
|
0-0: Called Strike 0-1: Called Strike 0-2: SINGLE (Line Drive, 5D, EV 101.2 MPH)
|
Batting: LHB Nick Foutz
|
0-0: Fly out, F7 (Flyball, 7LD, EV 88.1 MPH)
|
Batting: LHB Casper Kersten
|
0-0: Called Strike George King steals 2nd base (no throw) 0-1: Ball 1-1: Ball 2-1: Ball 3-1: Base on Balls
|
Batting: RHB Adryão Anto
|
0-0: Ball 1-0: Ball 2-0: Grounds into double play, 4-6-3 (Groundball, 4, EV 93.1 MPH)
|
Bottom of the 2nd over - 0 runs, 1 hit, 0 errors, 1 left on base; Delmarva 2 - Hickory 0 |
TOP OF THE 3RD |
Delmarva Shorebirds batting - Pitching for Hickory Crawdads : RHP Matt Stutzman
|
Batting: SHB Ryan Palermo
|
0-0: Ball 1-0: Called Strike 1-1: Swinging Strike 1-2: Ball 2-2: Strikes out swinging
|
Batting: LHB Raul Rojas
|
0-0: Ball 1-0: Foul Ball, location: 2F 1-1: Swinging Strike 1-2: Fly out, F7 (Line Drive, 7, EV 90.6 MPH)
|
Batting: SHB Justin Toth
|
0-0: Called Strike 0-1: Called Strike 0-2: Ball 1-2: Ball 2-2: Strikes out swinging
|
Top of the 3rd over - 0 runs, 0 hits, 0 errors, 0 left on base; Delmarva 2 - Hickory 0 |
BOTTOM OF THE 3RD |
Hickory Crawdads batting - Pitching for Delmarva Shorebirds : RHP Jose Rico
|
Batting: RHB Chris Powell
|
0-0: Ball 1-0: Ball 2-0: Ball 3-0: Called Strike 3-1: Called Strike 3-2: SINGLE (Flyball, 34D, EV 94.4 MPH)
|
Batting: LHB Antonio Domingues
|
0-0: Foul Ball, location: 2F 0-1: Ball 1-1: Ball 2-1: Called Strike 2-2: Strikes out swinging
|
Batting: RHB Jason Sher
|
0-0: Ball Chris Powell steals 2nd base 1-0: Foul Ball, location: 2F 1-1: Ball 2-1: Ball 3-1: Called Strike Chris Powell steals 3rd base 3-2: SINGLE (Groundball, 4S, EV 76.9 MPH) (infield hit) Chris Powell scores
|
Batting: RHB Luke Stark
|
0-0: Called Strike 0-1: Ball 1-1: Ball 2-1: Foul Ball, location: 2F 2-2: Foul Ball, location: 2F 2-2: Fly out, F8 (Flyball, 8LD, EV 86.9 MPH)
|
Batting: LHB Ben Radach
|
0-0: Ball 1-0: Ball 2-0: Ball 3-0: Base on Balls Jason Sher to second
|
Batting: RHB George King
|
0-0: Ball 1-0: Swinging Strike 1-1: SINGLE (Flyball, 78S, EV 95.0 MPH) Jason Sher to third Ben Radach to second Runner from 3rd tries for Home, SAFE, throw by LF to home
|
Batting: LHB Nick Foutz
|
0-0: Ball 1-0: Fly out, F7 (Line Drive, 7, EV 85.0 MPH)
|
Bottom of the 3rd over - 2 runs, 3 hits, 0 errors, 2 left on base; Delmarva 2 - Hickory 2 |
TOP OF THE 4TH |
Delmarva Shorebirds batting - Pitching for Hickory Crawdads : RHP Matt Stutzman
|
Batting: LHB Andrew Erens
|
0-0: Ball 1-0: Ball 2-0: Ground out 6-3 (Groundball, 6, EV 93.8 MPH)
|
Batting: RHB Alex Jacobo
|
0-0: Ball 1-0: Ball 2-0: Fly out, F7 (Flyball, 78D, EV 97.5 MPH)
|
Batting: LHB Momoru Yasui
|
0-0: Called Strike 0-1: Called Strike 0-2: Foul Ball, location: 2F 0-2: Fly out, F4 (Popup, 23, EV 88.8 MPH)
|
Top of the 4th over - 0 runs, 0 hits, 0 errors, 0 left on base; Delmarva 2 - Hickory 2 |
BOTTOM OF THE 4TH |
Hickory Crawdads batting - Pitching for Delmarva Shorebirds : RHP Jose Rico
|
Batting: LHB Casper Kersten
|
0-0: Foul Ball, location: 2F 0-1: Swinging Strike 0-2: Ball 1-2: Foul Ball, location: 2F 1-2: Fly out, F4 (Flyball, 34D, EV 80.6 MPH)
|
Batting: RHB Adryão Anto
|
0-0: Ball 1-0: SINGLE (Groundball, 6MD, EV 106.2 MPH)
|
Batting: RHB Chris Powell
|
0-0: Ball 1-0: Ball 2-0: Called Strike Adryão Anto steals 2nd base 2-1: Foul Ball, location: 2F 2-2: Ground out 4-3 (Groundball, 4, EV 93.8 MPH) Adryão Anto to third
|
Batting: LHB Antonio Domingues
|
0-0: Ball 1-0: Foul Ball, location: 2F 1-1: Called Strike 1-2: Strikes out swinging
|
Bottom of the 4th over - 0 runs, 1 hit, 0 errors, 1 left on base; Delmarva 2 - Hickory 2 |
TOP OF THE 5TH |
Delmarva Shorebirds batting - Pitching for Hickory Crawdads : RHP Matt Stutzman
|
Batting: RHB Kiyuu del Castillo
|
0-0: DOUBLE (Line Drive, 78D, EV 105.6 MPH)
|
Batting: RHB Adam Swimmer
|
0-0: Called Strike 0-1: Foul Ball, location: 2F 0-2: Ball 1-2: SINGLE (Groundball, 6D, EV 95.0 MPH) Kiyuu del Castillo to third Runner from 3rd tries for Home, SAFE, throw by CF to home
|
Batting: RHB Michel Kamphuis
|
0-0: Ball 1-0: Foul Ball, location: 2F 1-1: Grounds into double play, 4-6-3 (Groundball, 4, EV 111.2 MPH)
|
Batting: SHB Ryan Palermo
|
0-0: Ground out 4-3 (Groundball, 4, EV 83.1 MPH)
|
Top of the 5th over - 1 run, 2 hits, 0 errors, 0 left on base; Delmarva 3 - Hickory 2 |
BOTTOM OF THE 5TH |
Hickory Crawdads batting - Pitching for Delmarva Shorebirds : RHP Jose Rico
|
Batting: RHB Jason Sher
|
0-0: Ball 1-0: Ball 2-0: Ball 3-0: Foul Ball, location: 2F 3-1: Called Strike 3-2: Foul Ball, location: 2F 3-2: Strikes out looking
|
Batting: RHB Luke Stark
|
0-0: Ball 1-0: Ball 2-0: Ball 3-0: Called Strike 3-1: Foul Ball, location: 2F 3-2: DOUBLE (Line Drive, 7LM, EV 102.5 MPH)
|
Pitching: LHP John Dyer
|
|
Batting: LHB Ben Radach
|
0-0: SINGLE (Groundball, 4MD, EV 103.1 MPH) Luke Stark to third
|
Batting: RHB George King
|
0-0: Called Strike 0-1: Ball 1-1: Ball 2-1: 3-RUN HOME RUN (Flyball, 78XD, EV 110.0 MPH), Distance : 435 ft
|
Batting: LHB Nick Foutz
|
0-0: Ball 1-0: Called Strike 1-1: Ball 2-1: Called Strike 2-2: Ground out 1-3 (Groundball, 13, EV 72.5 MPH)
|
Batting: LHB Casper Kersten
|
0-0: Swinging Strike 0-1: Ball 1-1: Ground out 4-3 (Groundball, 4, EV 85.6 MPH)
|
Bottom of the 5th over - 3 runs, 3 hits, 0 errors, 0 left on base; Delmarva 3 - Hickory 5 |
TOP OF THE 6TH |
Delmarva Shorebirds batting - Pitching for Hickory Crawdads : RHP Matt Stutzman
|
Batting: LHB Raul Rojas
|
0-0: Ball 1-0: Ground out U3 (Groundball, 34S, EV 68.8 MPH)
|
Batting: SHB Justin Toth
|
0-0: Ball 1-0: Ball 2-0: Ball 3-0: Base on Balls
|
Batting: LHB Andrew Erens
|
0-0: Fielders Choice at 2nd, 4-6 (Groundball, 34, EV 101.9 MPH)
|
Batting: RHB Alex Jacobo
|
0-0: Foul Ball, location: 2F 0-1: Called Strike 0-2: Foul Ball, location: 2F 0-2: Ball 1-2: Ball 2-2: Foul Ball, location: 2F 2-2: Foul Ball, location: 2F 2-2: Foul Ball, location: 2F 2-2: Ball 3-2: Fly out, F7 (Flyball, 7, EV 81.9 MPH)
|
Top of the 6th over - 0 runs, 0 hits, 0 errors, 1 left on base; Delmarva 3 - Hickory 5 |
BOTTOM OF THE 6TH |
Hickory Crawdads batting - Pitching for Delmarva Shorebirds : LHP John Dyer
|
Batting: RHB Adryão Anto
|
0-0: Ball 1-0: Swinging Strike 1-1: Foul Ball, location: 2F 1-2: Strikes out looking
|
Batting: RHB Chris Powell
|
0-0: Called Strike 0-1: Ball 1-1: Called Strike 1-2: Strikes out swinging
|
Batting: LHB Antonio Domingues
|
0-0: Called Strike 0-1: Swinging Strike 0-2: Ball 1-2: Ball 2-2: Fly out, F9 (Flyball, 9, EV 95.0 MPH)
|
Bottom of the 6th over - 0 runs, 0 hits, 0 errors, 0 left on base; Delmarva 3 - Hickory 5 |
TOP OF THE 7TH |
Delmarva Shorebirds batting - Pitching for Hickory Crawdads : RHP Matt Stutzman
|
Batting: LHB Momoru Yasui
|
0-0: Called Strike 0-1: Foul Ball, location: 2F 0-2: Ball 1-2: Foul Ball, location: 2F 1-2: Strikes out swinging
|
Batting: RHB Kiyuu del Castillo
|
0-0: Swinging Strike 0-1: Called Strike 0-2: Strikes out swinging
|
Batting: RHB Adam Swimmer
|
0-0: Ball 1-0: Fly out, F9 (Flyball, 9S, EV 94.4 MPH)
|
Top of the 7th over - 0 runs, 0 hits, 0 errors, 0 left on base; Delmarva 3 - Hickory 5 |
BOTTOM OF THE 7TH |
Hickory Crawdads batting - Pitching for Delmarva Shorebirds : LHP John Dyer
|
Batting: RHB Jason Sher
|
0-0: Foul Ball, location: 2F 0-1: Ball 1-1: Ball 2-1: Ball 3-1: DOUBLE (Line Drive, 9LS, EV 98.1 MPH)
|
Batting: RHB Luke Stark
|
0-0: Intentional Walk
|
Batting: LHB Ben Radach
|
0-0: Called Strike 0-1: Foul Ball, location: 2F 0-2: Strikes out swinging
|
Batting: RHB George King
|
0-0: Called Strike Jason Sher steals 3rd base Luke Stark to second 0-1: Foul Ball, location: 2F 0-2: Ground out 6-3 (Groundball, 56, EV 85.6 MPH)
|
Batting: LHB Nick Foutz
|
0-0: Ball 1-0: Called Strike 1-1: Foul Ball, location: 2F 1-2: Foul Ball, location: 2F 1-2: Ball 2-2: Foul Ball, location: 2F 2-2: DOUBLE (Groundball, 3L, EV 98.1 MPH) Jason Sher scores Luke Stark scores
|
Pitching: LHP Eric Bice
|
|
Pinch Hitting: RHB Jason Swisher
|
0-0: Called Strike 0-1: Foul Ball, location: 2F 0-2: Ground out 6-3 (Groundball, 56, EV 82.5 MPH)
|
Bottom of the 7th over - 2 runs, 2 hits, 0 errors, 1 left on base; Delmarva 3 - Hickory 7 |
TOP OF THE 8TH |
Delmarva Shorebirds batting - Pitching for Hickory Crawdads : RHP Matt Stutzman
|
Now at 3B: Yat-sen Zhu
|
|
Batting: RHB Michel Kamphuis
|
0-0: Ball 1-0: Called Strike 1-1: Swinging Strike 1-2: Foul Ball, location: 2F 1-2: Foul Ball, location: 2F 1-2: Ball 2-2: Foul Ball, location: 2F 2-2: Ball 3-2: Base on Balls
|
Pitching: RHP Zach Snodgrass
|
|
Batting: SHB Ryan Palermo
|
0-0: Ball 1-0: Fly out, F7 (Flyball, 7, EV 75.0 MPH)
|
Pitching: LHP Logan Benson
|
|
Pinch Hitting: RHB Dan Staggs
|
0-0: Swinging Strike 0-1: 2-RUN HOME RUN (Flyball, 89XD, EV 112.5 MPH), Distance : 435 ft
|
Batting: SHB Justin Toth
|
0-0: Ball 1-0: Swinging Strike 1-1: Foul Ball, location: 2F 1-2: Strikes out looking
|
Batting: LHB Andrew Erens
|
0-0: Called Strike 0-1: Swinging Strike 0-2: Fly out, F5 (Line Drive, 5, EV 62.5 MPH)
|
Top of the 8th over - 2 runs, 1 hit, 0 errors, 0 left on base; Delmarva 5 - Hickory 7 |
BOTTOM OF THE 8TH |
Hickory Crawdads batting - Pitching for Delmarva Shorebirds : LHP Eric Bice
|
Now at 1B: Willie Manrique
|
|
Batting: RHB Adryão Anto
|
0-0: Ball 1-0: Foul Ball, location: 2F 1-1: Ground out U3 (Groundball, 3L, EV 87.5 MPH)
|
Batting: RHB Chris Powell
|
0-0: Ball 1-0: Foul Ball, location: 2F 1-1: Ball 2-1: Ball 3-1: Foul Ball, location: 2F 3-2: SINGLE (Groundball, 25, EV 73.1 MPH) (infield hit)
|
Batting: LHB Antonio Domingues
|
0-0: Ball 1-0: Ball 2-0: Foul Ball, location: 2F 2-1: Swinging Strike 2-2: Fly out, F8 (Flyball, 8LD, EV 95.6 MPH)
|
Batting: RHB Jason Sher
|
0-0: Ball 1-0: Ball 2-0: Ball 3-0: Called Strike 3-1: Foul Ball, location: 2F 3-2: Foul Ball, location: 2F 3-2: Strikes out looking
|
Bottom of the 8th over - 0 runs, 1 hit, 0 errors, 1 left on base; Delmarva 5 - Hickory 7 |
TOP OF THE 9TH |
Delmarva Shorebirds batting - Pitching for Hickory Crawdads : LHP Logan Benson
|
Batting: RHB Alex Jacobo
|
0-0: Called Strike 0-1: Ball 1-1: Ball 2-1: Ball 3-1: Base on Balls
|
Batting: LHB Momoru Yasui
|
0-0: Foul Ball, location: 2F 0-1: Fly out, F7 (Flyball, 78D, EV 95.0 MPH)
|
Batting: RHB Kiyuu del Castillo
|
0-0: Ball 1-0: Called Strike 1-1: Foul Ball, location: 2F 1-2: Ball 2-2: Ball 3-2: SINGLE (Line Drive, 6D, EV 98.1 MPH) Alex Jacobo to second
|
Batting: RHB Adam Swimmer
|
0-0: Ball 1-0: Ball 2-0: Foul Ball, location: 2F 2-1: SINGLE (Groundball, 56D, EV 100.0 MPH) Alex Jacobo to third Kiyuu del Castillo to second
|
Batting: RHB Michel Kamphuis
|
0-0: Called Strike 0-1: Ball 1-1: Ball 2-1: Called Strike 2-2: Strikes out looking
|
Batting: SHB Ryan Palermo
|
0-0: Called Strike 0-1: Ball 1-1: SINGLE (Flyball, 8RS, EV 92.5 MPH) Alex Jacobo scores Kiyuu del Castillo to third Adam Swimmer to second Runner from 3rd tries for Home, SAFE, throw by CF to home
|
Pitching: RHP Nate Nesbitt
|
|
Batting: RHB Willie Manrique
|
0-0: Ball 1-0: Ball 2-0: Ball 3-0: Called Strike 3-1: Base on Balls Adam Swimmer to third Ryan Palermo to second
|
Batting: SHB Justin Toth
|
0-0: Swinging Strike 0-1: Ball 1-1: Swinging Strike 1-2: Foul Ball, location: 2F 1-2: Strikes out swinging
|
Top of the 9th over - 2 runs, 3 hits, 0 errors, 3 left on base; Delmarva 7 - Hickory 7 |
BOTTOM OF THE 9TH |
Hickory Crawdads batting - Pitching for Delmarva Shorebirds : LHP Eric Bice
|
Pitching: LHP Mark Gehring
|
|
Batting: RHB Luke Stark
|
0-0: Foul Ball, location: 2F 0-1: Called Strike 0-2: Ball 1-2: Ball 2-2: Strikes out swinging
|
Pinch Hitting: RHB Bobby Larson
|
0-0: Ball 1-0: Foul Ball, location: 2F 1-1: Foul Ball, location: 2F 1-2: Ball 2-2: Ball 3-2: Base on Balls
|
Batting: RHB George King
|
0-0: Called Strike 0-1: Foul Ball, location: 2F 0-2: Ball 1-2: Strikes out swinging
|
Pinch Hitting: RHB Chris Naumann
|
0-0: Called Strike 0-1: Ball 1-1: Swinging Strike 1-2: Foul Ball, location: 2F 1-2: Foul Ball, location: 2F 1-2: Ball 2-2: Foul Ball, location: 2F 2-2: Strikes out swinging
|
Bottom of the 9th over - 0 runs, 0 hits, 0 errors, 1 left on base; Delmarva 7 - Hickory 7 |
TOP OF THE 10TH |
Delmarva Shorebirds batting - Pitching for Hickory Crawdads : RHP Nate Nesbitt
|
Now at 1B: Bobby Larson
|
|
Now in LF: Rich Rubio
|
|
Batting: LHB Andrew Erens
|
0-0: Called Strike 0-1: Ball 1-1: Foul Ball, location: 2F 1-2: Ball 2-2: Strikes out swinging
|
Batting: RHB Alex Jacobo
|
0-0: Swinging Strike 0-1: Swinging Strike 0-2: Ball 1-2: Strikes out swinging
|
Batting: LHB Momoru Yasui
|
0-0: Called Strike 0-1: Ball 1-1: Swinging Strike 1-2: Ball 2-2: Strikes out swinging
|
Top of the 10th over - 0 runs, 0 hits, 0 errors, 0 left on base; Delmarva 7 - Hickory 7 |
BOTTOM OF THE 10TH |
Hickory Crawdads batting - Pitching for Delmarva Shorebirds : LHP Mark Gehring
|
Pinch Hitting: RHB Garrison Feltham
|
0-0: Called Strike 0-1: Ball 1-1: Ball 2-1: Ball 3-1: SINGLE (Groundball, 56D, EV 95.6 MPH)
|
Batting: RHB Adryão Anto
|
0-0: Ball Garrison Feltham is caught stealing 2nd base 2-4 1-0: Swinging Strike 1-1: Ball 2-1: Ground out 4-3 (Groundball, 4, EV 76.2 MPH)
|
Batting: RHB Chris Powell
|
0-0: Ball 1-0: Called Strike 1-1: Foul Ball, location: 2F 1-2: Ball 2-2: Foul Ball, location: 2F 2-2: Strikes out swinging
|
Bottom of the 10th over - 0 runs, 1 hit, 0 errors, 0 left on base; Delmarva 7 - Hickory 7 |
TOP OF THE 11TH |
Delmarva Shorebirds batting - Pitching for Hickory Crawdads : RHP Nate Nesbitt
|
Now at 3B: Garrison Feltham
|
|
Batting: RHB Kiyuu del Castillo
|
0-0: Ball 1-0: Ball 2-0: Called Strike 2-1: Ball 3-1: Ground out 6-3 (Groundball, 56, EV 101.9 MPH)
|
Batting: RHB Adam Swimmer
|
0-0: Swinging Strike 0-1: Foul Ball, location: 2F 0-2: Ball 1-2: Ground out 5-3 (Groundball, 5S, EV 70.6 MPH)
|
Batting: RHB Michel Kamphuis
|
0-0: Ball 1-0: Ball 2-0: Called Strike 2-1: Foul Ball, location: 2F 2-2: Strikes out looking
|
Top of the 11th over - 0 runs, 0 hits, 0 errors, 0 left on base; Delmarva 7 - Hickory 7 |
BOTTOM OF THE 11TH |
Hickory Crawdads batting - Pitching for Delmarva Shorebirds : LHP Mark Gehring
|
Pitching: RHP Mike Brubaker
|
|
Batting: LHB Antonio Domingues
|
0-0: Ball 1-0: Ground out 5-3 (Groundball, 5, EV 88.8 MPH)
|
Batting: RHB Jason Sher
|
0-0: Swinging Strike 0-1: Ball 1-1: Swinging Strike 1-2: Ball 2-2: Strikes out swinging
|
Batting: RHB Luke Stark
|
0-0: Called Strike 0-1: Ball 1-1: Foul Ball, location: 2F 1-2: Ball 2-2: Fly out, F8 (Flyball, 78M, EV 71.9 MPH)
|
Bottom of the 11th over - 0 runs, 0 hits, 0 errors, 0 left on base; Delmarva 7 - Hickory 7 |
TOP OF THE 12TH |
Delmarva Shorebirds batting - Pitching for Hickory Crawdads : RHP Nate Nesbitt
|
Batting: SHB Ryan Palermo
|
0-0: Ball 1-0: Foul Ball, location: 2F 1-1: Foul Ball, location: 2F 1-2: Fly out, F7 (Flyball, 7, EV 88.1 MPH)
|
Pitching: RHP Seiichi Yamashita
|
|
Batting: RHB Willie Manrique
|
0-0: Ball 1-0: Called Strike 1-1: Ball 2-1: Foul Ball, location: 2F 2-2: SINGLE (Line Drive, 6MD, EV 96.9 MPH)
|
Batting: SHB Justin Toth
|
0-0: Ball 1-0: Called Strike 1-1: Fielders Choice at 2nd, 4-6 (Groundball, 4, EV 98.8 MPH)
|
Batting: LHB Andrew Erens
|
0-0: Called Strike 0-1: Ball 1-1: Ball 2-1: SINGLE (Groundball, 56D, EV 107.5 MPH) Justin Toth to second
|
Batting: RHB Alex Jacobo
|
0-0: SINGLE (Groundball, 56D, EV 94.4 MPH) Justin Toth to third Andrew Erens to second Runner from 3rd tries for Home, SAFE, throw by LF to home
|
Batting: LHB Momoru Yasui
|
0-0: Ball 1-0: Called Strike 1-1: Called Strike 1-2: Strikes out swinging
|
Top of the 12th over - 1 run, 3 hits, 0 errors, 2 left on base; Delmarva 8 - Hickory 7 |
BOTTOM OF THE 12TH |
Hickory Crawdads batting - Pitching for Delmarva Shorebirds : RHP Mike Brubaker
|
Batting: RHB Bobby Larson
|
0-0: Foul Ball, location: 2F 0-1: Ball 1-1: Fly out, F8 (Flyball, 8LD, EV 86.9 MPH)
|
Batting: RHB George King
|
0-0: Ball 1-0: Ball 2-0: Ground out 6-3 (Groundball, 6, EV 78.8 MPH)
|
Batting: SHB Rich Rubio
|
0-0: Swinging Strike 0-1: Ground out U3 (Groundball, 3, EV 103.8 MPH)
|
Bottom of the 12th over - 0 runs, 0 hits, 0 errors, 0 left on base; Delmarva 8 - Hickory 7 |
|